 Dungeon Crawl Stone Soup version 0.31-a0-152-g6aa68a64a1 (webtiles) character file.

Game seed: 8170452592752104656

2135 avis the Thaumaturge (level 9, 0/44 HPs)
             Began as a Felid Summoner on June 10, 2023.
             Was an Initiate of Gozag.
             Slain by a blink frog (19 damage)
             ... on level 1 of the Lair of Beasts on June 11, 2023.
             The game lasted 03:00:08 (12939 turns).

avis the Thaumaturge (Felid Summoner)              Turns: 12939, Time: 03:00:09

Health: 0/44       AC:  2    Str:  4    XL:     9   Next: 9%
Magic:  16/22      EV: 21    Int: 29    God:    Gozag
Gold:   478        SH:  0    Dex: 15    Spells: 12/25 levels left
                                        Lives:  0   Deaths: 3

rFire   . . .        (weapon unavailable)
rCold   . . .        (shield unavailable)
rNeg    + . .        (body armour unavailable)
rPois   +            (helmet unavailable)
rElec   .            (cloak unavailable)
rCorr   .            (gloves unavailable)
SInv    +            (boots unavailable)
Will    +....        (no amulet)
Stlth   ++           y - ring of Guvaec {rN+ Int+8 Dex-2}
HPRegen 0.27/turn    h - ring of poison resistance
MPRegen 0.18/turn

%: no passive effects
@: gold aura, quick
A: very small, claws 1, fangs 3, see invisible, speed 1, shaggy fur 2, stealthy
paws, no weapons or thrown items, no armour, multi-lived
a: Renounce Religion, Potion Petition, Call Merchant, Bribe Branch


You were on level 1 of the Lair of Beasts.
You worshipped Gozag.
Gozag was aware of your devotion.
You visited 3 branches of the dungeon, and saw 10 of its levels.
You also visited: Bailey.

You collected 1380 gold pieces.
You spent 748 gold pieces at shops.
You paid 154 gold pieces to Gozag.

Inventory:

Jewellery
 f - a +4 ring of protection
 h - a ring of poison resistance (right paw)
 n - a +4 ring of slaying
 y - the ring of Guvaec (left paw) {rN+ Int+8 Dex-2}
   (You bought it in a shop on level 6 of the Dungeon)

   [ring of positive energy]

   Int:       It affects your intelligence (+8).
   Dex:       It affects your dexterity (-2).
   rN:        It protects you from negative energy.
 C - a ring of ice
Wands
 a - a wand of flame (51)
 k - a wand of paralysis (15)
 x - a wand of roots (2)
 z - a wand of polymorph (10)
 D - a wand of light (5)
Scrolls
 c - a scroll of poison
 d - 3 scrolls of blinking {unknown}
 i - 5 scrolls of immolation
 j - 3 scrolls of fear {unknown}
 l - 5 scrolls of teleportation {unknown}
 p - 2 scrolls of noise {unknown}
 q - a scroll of enchant weapon
 r - 4 scrolls of butterflies {unknown}
 s - 3 scrolls of amnesia {unknown}
 t - 2 scrolls of magic mapping {unknown}
 v - a scroll of enchant armour {unknown}
 w - a scroll of fog {unknown}
 A - a scroll of vulnerability {unknown}
Potions
 b - 2 potions of lignification
 e - 4 potions of curing
 g - 3 potions of might
 m - a potion of brilliance
 o - 5 potions of heal wounds
 u - 2 potions of invisibility
Miscellaneous
 B - a piece from Xom's chessboard (15/15)


   Skills:
 * Level 7.8 Fighting
 + Level 8.3 Dodging
 - Level 3.0 Stealth
 + Level 8.6 Spellcasting
 - Level 5.0 Hexes
 + Level 8.3 Summonings
 * Level 6.7 Air Magic


You had 12 spell levels left.
You knew the following spells:

 Your Spells              Type           Power      Damage    Failure   Level
a - Summon Small Mammal   Summ           100%       N/A       1%          1
c - Call Imp              Summ           100%       N/A       1%          2
d - Call Canine Familiar  Summ           57%        N/A       1%          3
g - Summon Guardian Gole  Hex/Summ       50%        N/A       1%          3
l - Summon Lightning Spi  Summ/Air       54%        N/A       1%          4

Your spell library contained the following spells:

 Spells                   Type           Power      Damage    Failure   Level
 Apportation              Tloc           24%        N/A       4%          1
 Necrotise                Necr           48%        1d6       4%          1
 Sublimation of Blood     Necr           12%        N/A       7%          2
 Wereblood                Tmut           12%        N/A       7%          2
 Ignite Poison            Fire/Tmut/Pois 12%        N/A       13%         3
 Sticky Flame             Conj/Fire      12%        2d4       41%         4
 Summon Hydra             Summ           28%        N/A       75%         7
 Ignition                 Fire           6%         3d4       100%        8


Dungeon Overview and Level Annotations

Branches:
Dungeon (8/15)             Temple (1/1) D:4            Lair (1/5) D:8
 Bailey (visited)

Altars:
Ashenzari
Cheibriados
Dithmenos
Elyvilon
Gozag
Hepliaklqana
Kikubaaqudgha
Makhleb
Nemelex Xobeh
Okawaru
Qazlal
Ru
Sif Muna
Trog
Uskayaw
Vehumet
Wu Jian
Xom
Yredelemnul
Zin
The Shining One

Shops:
D:5 *   D:6 *

Annotations:
D:6 Can't reach some places
Lair:1 Prince Ribbit


Innate Abilities, Weirdness & Mutations

You have sharp claws.
You have razor-sharp teeth.
You have supernaturally acute eyesight. (SInv)
You cover ground quickly. (Speed+)
You are covered in thick fur. (AC +2)
Your paws help you pounce on unaware monsters.
You are incapable of wielding weapons or throwing items.
You cannot wear armour.
You gain extra lives every three experience levels.


Message History

What are your orders? t - Meow!
Orders for allies: a - Attack new target. p - Attack previous target. r - Retreat! s - Stop attacking. g - Guard the area. f - Follow me.
Anything else - Cancel.
Gang up on whom?
Press: ? - help, Dir - move target, f/p - electric eel
Aim: an electric eel (severely wounded, not watching you, ally target) Attack!
Your wolf closely misses the electric eel.
Your cerulean imp hits the electric eel from afar with a +1 spear.
Your wolf misses the electric eel.
Casting: Summon Guardian Golem (safe; 1% risk of failure)
Confirm with . or Enter, or press ? or * to list all spells.
An electric hum fills the air.
Your wolf bites the electric eel.
The electric eel dies!
You hear a splash.
You swap places.
You enter the shallow water.
Moving in this stuff is going to be slow.
You now have 478 gold pieces (gained 4).
A blink frog comes into view.
Found 12 gold pieces.
The blink frog croaks.
A blink frog comes into view.
The blink frog gives a loud, deep croak!
You hear an angry hiss.
The blink frog blinks!
A blink frog comes into view. x2
You see here a wand of flame (7).
a - a wand of flame (51) (gained 7 charges)
The blink frog blinks!
A blink frog comes into view.
The blink frog blinks!
The blink frog is distracted by your dazzling golden aura.
Your cerulean imp closely misses the blink frog.
The blink frog hits you!!
You die...
Your body crumbles into a pile of gold.

..##.#######....~.~~~~~.
..............♣~...~~.~.
#...........#...~~~~.~~.
P.######.#.......~~~~~~.
#..# ###..#..~~......~
#..# #..8.^.~....F..~
#.## ##..#.♣.~~~..~.~
#.# #P..#...9h.....~ ..#
##..###♣@F5.~.F~ #.# ##
###...##♣♣.~~~..~
#.##.###.#.......♣.F~.~.
#................?♣..~~§
#...................♣♣.F
................... . $
.###.########.P#### ##
## ### ###


You could see 5 blink frogs, a friendly guardian golem (summoned), a friendly
wolf (summoned, sheltered), a friendly lightning spire (summoned, sheltered) and
a friendly cerulean imp (summoned, sheltered).

Vanquished Creatures
  A kobold brigand (D:4)
  A kobold (D:1)
  A ball python (D:1)
  A frilled lizard (D:2)
4 creatures vanquished.

Vanquished Creatures (collateral kills)
  A two-headed ogre (D:8)
  A gargoyle (D:7)
  A cane toad (Lair:1)
  Grinder (D:3)
  A basilisk (Lair:1)
  2 wargs
  3 water moccasins
  2 orc warriors (Bailey)
  A black bear (D:6)
  An ice beast (D:7)
  4 ogres
  2 wolves (Lair:1)
  A centaur (D:8)
  2 phantoms
  8 kobold brigands
  A water moccasin zombie (D:4)
  2 scorpions
  3 killer bees (D:8)
  3 electric eels
  A centaur zombie (D:4)
  3 hounds
  3 jellies
  9 orc priests
  A sleepcap (D:6)
  2 iguanas (D:6)
  6 orc wizards
  Ijyb (D:4)
  Natasha (twice) (D:4)
  A howler monkey zombie (D:4)
  18 gnolls
  8 adders
  2 white imps
  An ufetubus (D:7)
  An adder zombie (D:4)
  A worm (D:2)
  2 dart slugs
  24 orcs
  3 bats
  5 endoplasms
  6 giant cockroaches
  7 goblins
  3 hobgoblins
  2 jackals (D:3)
  2 quokkas
  7 ball pythons
  74 kobolds
  7 rats
242 creatures vanquished.

Vanquished Creatures (others)
  4 gargoyles (D:7)
  A cane toad (Lair:1)
  A blink frog (Lair:1)
  A yak (Lair:1)
  2 steam dragons (D:7)
  2 water moccasins (D:5)
  4 orc warriors
  2 wolves (Lair:1)
  A centaur (D:6)
  A bullfrog (D:8)
  2 kobold brigands (Bailey)
  A gnoll sergeant (D:6)
  A scorpion (D:7)
  A hound (D:6)
  An orc wizard (D:7)
  Natasha (D:4)
  4 gnolls (D:6)
  5 orcs (D:7)
  10 kobolds
45 creatures vanquished.

Grand Total: 291 creatures vanquished

Notes
Turn   | Place    | Note
-------+----------+-------------------------------------------
     0 | D:1      | avis the Felid Summoner began the quest for the Orb.
     0 | D:1      | Reached XP level 1. HP: 7/7 MP: 4/4
   245 | D:1      | Reached XP level 2. HP: 11/11 MP: 1/6
   250 | D:1      | Learned a level 2 spell: Call Imp
  1097 | D:2      | Reached XP level 3. HP: 14/14 MP: 5/8
  1128 | D:2      | Learned a level 3 spell: Call Canine Familiar
  1789 | D:3      | Reached XP level 4. HP: 18/18 MP: 10/10
  1899 | D:2      | Learned a level 3 spell: Summon Guardian Golem
  2260 | D:3      | Noticed Grinder
  2316 | D:3      | Killed Grinder
  2317 | D:3      | Reached skill level 5 in Summonings
  2317 | D:3      | Reached XP level 5. HP: 21/21 MP: 5/13
  2317 | D:3      | Gained mutation: You are covered in thick fur. (AC +2)
                  | [Felid growth]
  2317 | D:3      | Reached XP level 6. HP: 24/24 MP: 5/14
  2398 | D:3      | Found a bloodstained altar of Trog.
  2804 | D:4      | Reached skill level 5 in Spellcasting
  2804 | D:4      | Noticed Ijyb
  2830 | D:4      | Killed Ijyb
  3282 | D:4      | Found a staircase to the Ecumenical Temple.
  3290 | Temple   | Entered the Ecumenical Temple
  3544 | D:4      | Reached skill level 1 in Hexes
  3544 | D:4      | Reached XP level 7. HP: 14/28 MP: 5/16
  3585 | D:4      | Reached skill level 1 in Fighting
  4034 | D:4      | Noticed Natasha
  4053 | D:4      | Killed Natasha
  4272 | D:4      | Noticed Natasha
  4280 | D:4      | Killed Natasha
  4431 | D:4      | Noticed Natasha
  4441 | D:4      | Killed Natasha
  4723 | D:4      | Learned a level 4 spell: Summon Lightning Spire
  4726 | D:5      | Entered Level 5 of the Dungeon
  4909 | D:5      | Found a snail-covered altar of Cheibriados.
  5054 | D:5      | Found Mepiheki's Serpentskin Sales.
  5066 | D:5      | Reached XP level 8. HP: 20/34 MP: 10/18
  5526 | D:5      | Found a hide-covered altar of Uskayaw.
  5722 | D:5      | Found a shimmering altar of Xom.
  6249 | D:6      | Reached skill level 1 in Air Magic
  6296 | D:6      | Reached skill level 5 in Hexes
  6336 | D:6      | Noticed an angel
  6347 | D:6      | Found Coyhuarch's Hallowed Reliquary.
  6409 | D:6      | Reached skill level 5 in Dodging
  7000 | D:6      | Reached XP level 9. HP: 39/39 MP: 8/20
  8859 | D:7      | Reached skill level 5 in Fighting
  9078 | D:7      | Found an opulent altar of Gozag.
  9089 | D:7      | Became a worshipper of Gozag Ym Sagoz the Greedy
  9172 | D:7      | Found a hazy altar of Hepliaklqana.
  9173 | D:7      | Found a sacrificial altar of Ru.
  9176 | D:7      | Found an iron altar of Okawaru.
  9177 | D:7      | Found a burning altar of Makhleb.
  9271 | D:7      | Noticed a gargoyle
  9288 | D:7      | Killed a gargoyle
  9373 | D:7      | Noticed a gargoyle
  9379 | D:7      | Noticed a gargoyle
  9380 | D:7      | HP: 2/61 [themself (34)]
  9383 | D:7      | Noticed a gargoyle
  9383 | D:7      | Noticed a gargoyle
  9386 | D:7      | Killed from afar by a gargoyle
  9387 | D:7      | Reached XP level 8. HP: -5/38 MP: 15/20
  9430 | D:7      | Killed a gargoyle
  9431 | D:7      | Reached XP level 9. HP: 41/41 MP: 9/21
  9531 | D:7      | Killed a gargoyle
  9595 | D:7      | Killed a gargoyle
  9596 | D:7      | Reached skill level 5 in Air Magic
  9663 | D:7      | Killed a gargoyle
 10006 | D:6      | Bought the ring of Guvaec {rN+ Int+8 Dex-2} for 396 gold
                  | pieces
 10006 | D:6      | Bought a potion of heal wounds for 50 gold pieces
 10334 | D:8      | Found a flagged portal.
 10359 | Bailey   | Entered a bailey
 10914 | Bailey   | Found an iron altar of Okawaru.
 11032 | D:7      | Reached XP level 10. HP: 32/46 MP: 17/23
 11294 | D:6      | Bought a potion of curing for 30 gold pieces
 11294 | D:6      | Bought a potion of curing for 30 gold pieces
 11294 | D:6      | Bought a +2 rapier of holy wrath for 192 gold pieces
 11294 | D:6      | Bought a potion of heal wounds for 50 gold pieces
 11623 | D:8      | Noticed a two-headed ogre
 11643 | D:8      | Killed a two-headed ogre
 12193 | D:8      | Found a staircase to the Lair.
 12593 | Lair:1   | Entered Level 1 of the Lair of Beasts
 12593 | Lair:1   | Noticed a cane toad
 12610 | Lair:1   | Killed a cane toad
 12611 | Lair:1   | Noticed a cane toad
 12621 | Lair:1   | Killed a cane toad
 12627 | Lair:1   | HP: 1/47 [wolf (9)]
 12627 | Lair:1   | Slain by a wolf
 12628 | Lair:1   | Reached XP level 9. HP: 0/43 MP: 13/22
 12643 | Lair:1   | Noticed Prince Ribbit
 12653 | Lair:1   | Killed by an exploding warg... ignited by their inner flame
 12654 | Lair:1   | Reached XP level 8. HP: -3/40 MP: 10/21
 12654 | Lair:1   | Reached XP level 9. HP: 43/43 MP: 22/22
 12939 | Lair:1   | Slain by a blink frog

Illustrated notes

Levels and vault maps discovered:
D:1:      saegor_arrival_miasma, layout_basic
D:2:      layout_rooms
D:3:      layout_basic, marbit_many_paths, uniq_grinder
D:4:      kennysheep_kobold_camp, layout_loops_ring, minmay_temple_entry_mist,
          serial_undead, serial_undead_c, serial_undead_f, serial_undead_c,
          serial_undead_a, uniq_natasha, uniq_ijyb
D:5:      layout_loops_corners, nicolae_overflow_hidden_temple,
          mainiacjoe_overflow_alcove_4, pf_just_have_faith, guppyfry_shop_venom
D:6:      minmay_goblin_kobold_castle, layout_cave_pools, nicolae_good_shop
D:7:      cheibrodos_statue_roulette, layout_basic, minitemple
D:8:      layout_rooms, erik_lair_orcish_takeover, enter_bailey_2,
          nicolae_elevator_lobby_plus
Temple:   hc_temple_tempest_star
Lair:1:   layout_chaotic_city, nicolae_quartered_pool_super, grunt_megastairs_2,
          uniq_prince_ribbit2

Skill      XL: |  1  2  3  4  5  6  7  8  9 10 |
---------------+-------------------------------+-----
Spellcasting   | 3 4 5 6 8 |  8.6
Summonings     | 5 6 7 8 |  8.3
Dodging        | 3 4 5 7 8 |  8.3
Hexes          | 1 3 5 |  5.0
Fighting       | 2 4 6 7 |  7.8
Air Magic      | 2 5 6 |  6.7
Stealth        | 3 |  3.0

Action                     |  1- 3 |  4- 6 |  7- 9 | 10-12 || total
---------------------------+-------+-------+-------+-------++-------
  Melee: Unarmed           |     5 |     2 |    21 |       ||    28
         Bite              |     1 |       |     5 |       ||     6
         Punch             |       |       |     2 |       ||     2
   Cast: Summon Small Mamm |    27 |     7 |     6 |       ||    40
         Call Imp          |    13 |    25 |    55 |     8 ||   101
         Call Canine Famil |     2 |     9 |    58 |    12 ||    81
         Summon Guardian G |       |     1 |    45 |    12 ||    58
         Summon Lightning  |       |       |    30 |    13 ||    43
  Evoke: Wand              |       |       |     6 |       ||     6
    Use: Potion            |       |     1 |     2 |       ||     3
         Scroll            |       |     7 |     4 |     1 ||    12
   Stab: Sleeping          |       |       |     1 |       ||     1
 Armour: Skin              |     1 |     1 |    14 |       ||    16
  Dodge: Dodged            |     9 |     6 |   105 |    12 ||   132

Table legend: (Time is in decaauts)
 A = Elapsed time spent in this place.
 B = Non-inter-level travel time spent in this place.
 C = Inter-level travel time spent in this place.
 D = Time resting spent in this place.
 E = Time spent auto-exploring this place.
 F = Levels seen in this place.
 G = Mean time per level.
                   A        B        C        D        E       F      G
               +--------+--------+--------+--------+--------+-----+--------+
         Total |  11455 |  10523 |    932 |   3383 |   2987 |  11 | 1041.4 |
       Dungeon |  10467 |   9542 |    925 |   2983 |   2877 |   8 | 1308.4 |
        Temple |    128 |    121 |      7 |      0 |    109 |   1 |  128.0 |
          Lair |    297 |    297 |      0 |     41 |      0 |   1 |  297.0 |
        Bailey |    562 |    562 |      0 |    359 |      0 |   1 |  562.0 |
               +--------+--------+--------+--------+--------+-----+--------+

Top non-repeatable levels by time:
     D:6: 2093 daAuts
     D:7: 1911 daAuts
     D:4: 1624 daAuts
     D:8: 1249 daAuts
     D:5: 1155 daAuts
     D:3: 949 daAuts
     D:1: 885 daAuts
     D:2: 597 daAuts
  Bailey: 562 daAuts
  Lair:1: 297 daAuts
  Temple: 128 daAuts
